 Dungeon Crawl Stone Soup version 0.30-a0-341-g682706514a (webtiles) character file.

Game seed: 7061542961318716659

112 koil the Ruffian (level 4, -5/36 HPs)
             Began as a Draconian Transmuter on Nov 4, 2022.
             Slain by Crazy Yiuf
             ... wielding a +3 quarterstaff of chaos
              (11 damage)
             ... on level 2 of the Dungeon.
             The game lasted 00:04:00 (2149 turns).

koil the Ruffian (Draconian Transmuter)             Turns: 2149, Time: 00:04:00

Health: -5/36      AC:  5    Str: 15    XL:     4   Next: 64%
Magic:  7/8        EV: 12    Int: 13    God:
Gold:   120        SH:  0    Dex: 11    Spells: 5/8 levels left

rFire   . . .      SeeInvis .      - Unarmed
rCold   . . .      Faith    .    (no shield)
rNeg    . . .      Spirit   .    (body armour unavailable)
rPois   .          Reflect  .    (helmet restricted)
rElec   .          Harm     .    (no cloak)
rCorr   .          Rampage  .    (no gloves)
Will    .....                    (no boots)
Stlth   +.........               (no amulet)
HPRegen 0.26/turn                (no ring)
MPRegen 0.11/turn                (no ring)

@: very slightly contaminated
A: AC +5, unfitting armour, cold-blooded
a: no special abilities


You were on level 2 of the Dungeon.
You visited 1 branch of the dungeon, and saw 2 of its levels.

You collected 120 gold pieces.

Inventory:

Armour
 e - a +0 pair of gloves
Jewellery
 h - an amulet of faith
 j - a ring of protection from cold
Scrolls
 b - 2 scrolls of teleportation {unknown}
 c - 9 scrolls of identify {unknown}
 k - a scroll of butterflies {unknown}
Potions
 a - a potion of lignification
 d - a potion of heal wounds {unknown}
 f - a potion of invisibility {unknown}
 g - 2 potions of flight {unknown}
 i - a potion of might {unknown}


   Skills:
 + Level 2.2 Fighting
 + Level 2.5 Dodging
 + Level 3.5 Unarmed Combat
 + Level 2.7 Spellcasting
 + Level 2.8 Transmutations


You had 5 spell levels left.
You knew the following spells:

 Your Spells              Type           Power      Damage    Failure   Level
a - Beastly Appendage     Tmut           18%        N/A       8%          1
b - Wereblood             Tmut           9%         N/A       11%         2

Your spell library contained the following spells:

 Spells                   Type           Power      Damage    Failure   Level
 Spider Form              Tmut/Pois      5%         N/A       36%         3
 Ice Form                 Ice/Tmut       5%         N/A       78%         4


Dungeon Overview and Level Annotations

Branches:
Dungeon (2/15)

Altars:
Xom

Annotations:
D:2 Crazy Yiuf


Innate Abilities, Weirdness & Mutations

Your plain brown scales are hard. (AC +5)
You cannot fit into any form of body armour.
You are cold-blooded and may be slowed by cold attacks.


Message History

No target in view!
No target in view!
g - 2 brown potions (gained 1)
You now have 120 gold pieces (gained 15).
You open the door.
There is an open door here.
You see here a +0 club.
You open the door.
There is an open door here.
There is an open door here.
Crazy Yiuf shouts!
No reachable target in view!
No reachable target in view!
You open the door.
You have nothing you can fire or use right now.
You miscast Beastly Appendage.
You are very lightly contaminated with residual magic.
Nothing appears to happen.
Crazy Yiuf hits you with a +3 quarterstaff of chaos!
You hit Crazy Yiuf.
Your tail-slap misses Crazy Yiuf.
Crazy Yiuf is moderately wounded.
Crazy Yiuf whimpers, "You agre stair!"
Crazy Yiuf hits you with a +3 quarterstaff of chaos.
You closely miss Crazy Yiuf.
Crazy Yiuf is moderately wounded.
Crazy Yiuf completely misses you.
You hit Crazy Yiuf but do no damage.
Crazy Yiuf is moderately wounded.
Crazy Yiuf closely misses you.
You hit Crazy Yiuf.
Crazy Yiuf is heavily wounded.
Crazy Yiuf hits you with a +3 quarterstaff of chaos!
Crazy Yiuf burns you.
* * * LOW HITPOINT WARNING * * *
You hit Crazy Yiuf.
Crazy Yiuf is heavily wounded.
You completely miss Crazy Yiuf.
Crazy Yiuf is heavily wounded.
Crazy Yiuf hits you with a +3 quarterstaff of chaos!
You die...

#.........).'....)....
#..<......†.#########.
#...........# #.
############# #. #.
♣♣♣♣♣### #. ###
♣♣♣.♣..#.## #.
#...#♣..♣......### #.
#...g@♣♣♣♣.......####.
#)..#♣♣ ♣♣.#..#......
### ♣♣#########. #. #.
### #. #.# #. #.# #.
#># #.


You could see Crazy Yiuf.

Vanquished Creatures
  5 adders (D:2)
  2 worms (D:2)
  4 dart slugs
  An orc (D:2)
  4 endoplasms
  5 giant cockroaches
  5 hobgoblins
  3 jackals (D:1)
  A quokka (D:2)
  4 ball pythons
  3 bats
  A frilled lizard (D:1)
  5 goblins (D:2)
  3 kobolds (D:2)
  4 rats
50 creatures vanquished.

Notes
Turn   | Place    | Note
-------+----------+-------------------------------------------
     0 | D:1      | koil the Draconian Transmuter began the quest for the Orb.
     0 | D:1      | Reached XP level 1. HP: 16/16 MP: 3/3
   246 | D:1      | Reached XP level 2. HP: 23/23 MP: 5/5
   249 | D:1      | Learned a level 2 spell: Wereblood
   984 | D:2      | Reached XP level 3. HP: 24/29 MP: 4/6
  1400 | D:2      | Found a runed translucent door.
  1401 | D:2      | Noticed Crazy Yiuf
  1524 | D:2      | Reached XP level 4. HP: 36/36 MP: 5/7
  1650 | D:2      | Found a shimmering altar of Xom.
  2149 | D:2      | Slain by Crazy Yiuf

Illustrated notes

Levels and vault maps discovered:
D:1:      minmay_arrival_four_circles, layout_loops_corners
D:2:      layout_basic, basic_altar, minmay_hexomino_u4, uniq_crazy_yiuf_cottage

Skill      XL: |  1  2  3 |
---------------+----------+-----
Dodging        | 2 |  2.5
Fighting       | 2 |  2.2
Unarmed Combat | |  3.5
Spellcasting   | |  2.7
Transmutations | |  2.8

Action                   |  1- 3 |  4- 6 || total
-------------------------+-------+-------++-------
Melee: Unarmed           |   123 |    53 ||   176
       Tailslap          |    10 |     5 ||    15
       Headbutt          |     9 |     1 ||    10
       Punch             |     5 |       ||     5
       Kick              |     8 |     5 ||    13
 Cast: Beastly Appendage |    16 |     3 ||    19
 Stab: Distracted        |     1 |       ||     1
Armor: Skin              |    50 |    13 ||    63
Dodge: Dodged            |    92 |    34 ||   126

Table legend: (Time is in decaauts)
 A = Elapsed time spent in this place.
 B = Non-inter-level travel time spent in this place.
 C = Inter-level travel time spent in this place.
 D = Time resting spent in this place.
 E = Time spent auto-exploring this place.
 F = Levels seen in this place.
 G = Mean time per level.
                   A        B        C        D        E       F      G
               +--------+--------+--------+--------+--------+-----+--------+
         Total |   2140 |   2127 |     13 |      0 |   1771 |   2 | 1070.0 |
       Dungeon |   2140 |   2127 |     13 |      0 |   1771 |   2 | 1070.0 |
               +--------+--------+--------+--------+--------+-----+--------+

Top non-repeatable levels by time:
     D:2: 1181 daAuts
     D:1: 958 daAuts
